 Dungeon Sprint DCSS version 0.31-a0-806-g0bc164a743 (webtiles) character file.

Game seed: 12199962610880981583

139 sircluck the Ruffian (level 5, -4/51 HPs)
             Began as a Troll Berserker on Sept 21, 2023.
             Was a Priest of Trog.
             Slain by a fire elemental (7 damage)
             ... summoned by a deep elf pyromancer
             ... in the Dungeon (Sprint III: "The Ten Rune Challenge").
             The game lasted 00:00:50 (146 turns).

sircluck the Ruffian (Troll Berserker)               Turns: 146, Time: 00:00:51

Health: -4/51      AC:  4    Str: 27    XL:     5   Next: 1%
Magic:  4/4        EV: 11    Int:  3    God:    Trog [***...]
Gold:   33         SH:  0    Dex:  9    Spells: 4/4 levels left

rFire   . .          .
                       - Unarmed
rCold   . . .        (no shield)
rNeg    . . .        a - +0 animal skin
rPois   .            (helmet restricted)
rElec   .            (no cloak)
rCorr   .            (gloves unavailable)
SInv    .            (boots unavailable)
Will    .....        (no amulet)
Stlth   +            (no ring)
HPRegen 1.08/turn    (no ring)
MPRegen 0.09/turn

%: no teleportation
@: no status effects
A: large, unfitting armour, claws 3, regeneration 1, shaggy fur 1, tough skin 1,
frail 1, wild magic 1, devolution 1
a: Renounce Religion, Berserk, Trog's Hand


You were in the Dungeon.
You worshipped Trog.
Trog was most pleased with you.
You visited 1 branch You collected 33 gold pieces.

Inventory:

Armour
 a - a +0 animal skin (worn)
Scrolls
 g - a scroll of blinking
 j - a scroll of torment {unknown}
 k - a scroll of silence {unknown}
 m - a scroll of poison {unknown}
 n - 2 scrolls of identify
Potions
 b - 2 potions of curing
 c - a potion of heal wounds
 d - a potion of haste
 e - 2 potions of magic
 f - a potion of berserk rage
 h - a potion of invisibility {unknown}
 l - a potion of degeneration {unknown}
 o - 2 potions of enlightenment


   Skills:
 + Level 5.4 Fighting
 + Level 5.3 Dodging
 + Level 6.4 Unarmed Combat


You had 4 spell levels left.
You didn't know any spells.
Your spell library was empty.

Dungeon Overview and Level Annotations

Branches:
Dungeon (1/1)

Altars:
Elyvilon
Zin
The Shining One


Innate Abilities, Weirdness & Mutations

You are too large for most types of armour.
You have claws for hands.
Your natural rate of healing is unusually fast.
You are covered in fur. (AC +1)
You have tough skin. (AC +1)
You are frail. (-10% HP)
Your spells are a little harder to cast, but a little more powerful.
You have hidden genetic defects.


Message History

The water elemental engulfs you in water!
You scratch the water elemental. You claw the water elemental!
The water elemental is almost destroyed.
Your lungs strain for air!
The water elemental hits you!!
You scratch the water elemental.
You destroy the water elemental!
Trog accepts your kill. The water engulfing you falls away.
You gasp with relief as air once again reaches your lungs.
Your Fighting skill increases to level 5!
Your Dodging skill increases to level 5!
Your Unarmed Combat skill increases to level 6!
You have reached level 5!
Unknown command.
Unknown command.
You feel a genetic drift.
You feel frail.
You open the door.
Found three altars.
No target in view!
A deep elf pyromancer comes into view.
It is wielding a +2 long sword of holy wrath.
Found a potion of heal wounds.
The deep elf pyromancer shouts!
There is an open door here.
The deep elf pyromancer gestures wildly while chanting.
The deep elf pyromancer blinks!
The deep elf pyromancer casts a spell at you.
The bolt of fire hits you!!
The deep elf pyromancer gestures wildly while chanting.
The fire elemental hits you. The fire elemental burns you!
The deep elf pyromancer casts a spell.
The deep elf pyromancer blinks!
The fire elemental hits you. The fire elemental burns you!
* * * LOW HITPOINT WARNING * * *
The fire elemental hits you. The fire elemental burns you!
* * * LOW HITPOINT WARNING * * *
The deep elf pyromancer casts a spell.
The fire elemental hits you. The fire elemental burns you!
You die...

▓▓▓▓▓▓▓ ▓▓▓ .'....♣♣
♣.##### .#.....♣ ♣.#E_e#
##.....♣ ♣♣.#!..#
.#....~♣♣♣♣..###@#+###+#
.#...~†♣.♣♣..#.E.E......
.#..~~~~♣♣♣♣.'.⌠○.......
'#..~≈≈~~~♣♣.#..°######+
†#.~~≈~~~....#.⌠.#
.#.~≈~~~.....#...#
.#.~~~.......#+###
##...........#
.......†.....#


You could see a deep elf pyromancer and 3 fire elementals.

Vanquished Creatures
  A water elemental (D)
  A scorpion (D)
  A human (D)
  2 endoplasms (D)
  2 rats (D)
7 creatures vanquished.

Notes
Turn   | Place    | Note
-------+----------+-------------------------------------------
     0 | D        | sircluck the Troll Berserker began the quest for the Orb.
     0 | D        | Reached XP level 1. HP: 22/22 MP: 0/0
    14 | D        | Reached ** piety under Trog
    45 | D        | Reached skill level 4 in Unarmed Combat
    45 | D        | Reached XP level 2. HP: 18/31 MP: 1/1
    59 | D        | Noticed a scorpion
    66 | D        | Killed a scorpion
    67 | D        | Reached skill level 5 in Unarmed Combat
    67 | D        | Reached XP level 3. HP: 36/40 MP: 2/2
    67 | D        | Reached XP level 4. HP: 45/49 MP: 3/3
    88 | D        | Gained mutation: You are dopey. (Int -2) [potion of
                  | mutation]
    88 | D        | Gained mutation: You have a beak for a mouth. [potion of
                  | mutation]
    89 | D        | Lost mutation: You are dopey. (Int -2) [potion of mutation]
    89 | D        | Lost mutation: You have a beak for a mouth. [potion of
                  | mutation]
    89 | D        | Gained mutation: You are frail. (-10% HP) [potion of
                  | mutation]
    89 | D        | Gained mutation: You are partially covered in iridescent
                  | scales. (AC +2) [potion of mutation]
    89 | D        | Gained mutation: You expend magic power (3 MP) to
                  | strengthen your wands. [potion of mutation]
    89 | D        | Lost mutation: You are frail. (-10% HP) [potion of
                  | mutation]
    90 | D        | Lost mutation: You expend magic power (3 MP) to strengthen
                  | your wands. [potion of mutation]
    90 | D        | Lost mutation: You are partially covered in iridescent
                  | scales. (AC +2) [potion of mutation]
    90 | D        | Gained mutation: You are strong-willed. (Will+) [potion of
                  | mutation]
    91 | D        | Lost mutation: You are strong-willed. (Will+) [potion of
                  | mutation]
    91 | D        | Gained mutation: You have hidden genetic defects. [potion
                  | of mutation]
    91 | D        | Gained mutation: Your spells are a little harder to cast,
                  | but a little more powerful. [potion of mutation]
   108 | D        | Noticed a water elemental
   113 | D        | Killed a water elemental
   113 | D        | Reached *** piety under Trog
   114 | D        | Reached skill level 5 in Fighting
   114 | D        | Reached skill level 5 in Dodging
   114 | D        | Reached skill level 6 in Unarmed Combat
   114 | D        | Reached XP level 5. HP: 34/57 MP: 4/4
   130 | D        | Gained mutation: You are frail. (-10% HP) [hidden defects]
   134 | D        | Found a glowing silver altar of Zin.
   134 | D        | Found a glowing golden altar of the Shining One.
   134 | D        | Found a white marble altar of Elyvilon.
   136 | D        | Noticed a deep elf pyromancer
   143 | D        | Noticed a fire elemental
   143 | D        | Noticed a fire elemental
   145 | D        | HP: 2/51 [fire elemental[a deep elf pyromancer] (10)]
   146 | D        | Noticed a fire elemental
   146 | D        | Slain by a fire elemental

Illustrated notes

Levels and vault maps discovered:
D:        dungeon_sprint_mu [sprint_mu_entry_forest, sprint_mu_temple_rooms,
          sprint_mu_d1_spiders, sprint_mu_d2_genie, sprint_mu_d3_branching,
          sprint_mu_orc_legion, sprint_mu_elf_gauntlet, sprint_mu_hive_nellie,
          sprint_mu_lair_fedhas, sprint_mu_vaults_butterflies,
          sprint_mu_slime_circle, sprint_mu_swamp_cave, sprint_mu_shoals_kraken,
          sprint_mu_blade_basic, sprint_mu_crypt_chambers,
          sprint_mu_tomb_spiral, sprint_mu_vestibule_basic,
          sprint_mu_gehenna_hellfire, sprint_mu_dis_giant,
          sprint_mu_tartarus_statrot, sprint_mu_cocytus_islands, sprint_mu_zot1]

Skill      XL: |  1  2  3  4 |
---------------+-------------+-----
Fighting       | 3 4 5 |  5.4
Dodging        | 3 4 5 |  5.3
Unarmed Combat | 4 5 6 |  6.4

Action                     |  1- 3 |  4- 6 || total
---------------------------+-------+-------++-------
  Melee: Unarmed           |    19 |     4 ||    23
         Punch             |       |     1 ||     1
    Use: Potion            |       |     4 ||     4
 Armour: Animal skin       |     9 |    11 ||    20
  Dodge: Dodged            |     6 |     2 ||     8

Table legend: (Time is in decaauts)
 A = Elapsed time spent in this place.
 B = Non-inter-level travel time spent in this place.
 C = Inter-level travel time spent in this place.
 D = Time resting spent in this place.
 E = Time spent auto-exploring this place.
 F = Levels seen in this place.
 G = Mean time per level.
                   A        B        C        D        E       F      G
               +--------+--------+--------+--------+--------+-----+--------+
         Total |    144 |    144 |      0 |      0 |     91 |   1 |  144.0 |
       Dungeon |    144 |    144 |      0 |      0 |     91 |   1 |  144.0 |
               +--------+--------+--------+--------+--------+-----+--------+

Top non-repeatable levels by time:
       D: 144 daAuts
